 Dungeon Crawl Stone Soup version 0.19.0-22-gd96e5fe (webtiles) character file.

115268 mmcf the Devastator (level 16, 0/100 HPs)
             Began as a Gargoyle Fire Elementalist on Nov 18, 2016.
             Was a High Priest of Vehumet.
             Slain by a wolf spider (1 damage)
             ... on level 1 of the Spider Nest on Nov 19, 2016.
             The game lasted 02:33:59 (46370 turns).

mmcf the Devastator (Gargoyle Fire Elementalist)   Turns: 46370, Time: 02:34:00

Health: 0/100      AC: 24    Str: 14    XL:     16   Next: 68%
Magic:  10/30      EV: 17    Int: 21    God:    Vehumet [*****.]
Gold:   449        SH:  0    Dex: 10    Spells: 6 memorised, 4 levels left

rFire  + . .     SeeInvis .     i - +14 plutonium sword {*Contam Stlth-}
rCold  + + .     Gourm    .     Z - +1 robe {rC+ rF+}
rNeg   + . .     Faith    .     (shield currently unavailable)
rPois  ∞         Spirit   .     v - +2 hat {MR+}
rElec  +         Reflect  .     X - +1 cloak {rC+}
rCorr  .         Harm     .     Y - +2 pair of gloves {archery}
MR     ++...                    e - +1 pair of boots
Stlth  +.........               H - amulet of magic regeneration
                                o - ring of wizardry
                                q - +3 ring of evasion

@: flying, very slightly contaminated
A: big wings, negative energy resistance 1, electricity resistance, unbreathing,
petrification resistance, rot immunity, AC +11
a: Stop Flying, Renounce Religion


You were on level 1 of the Spider Nest.
You worshipped Vehumet.
Vehumet was extremely pleased with you.
You were not hungry.

You visited 5 branches of the dungeon, and saw 24 of its levels.
You also visited: Ice Cave.

You collected 2366 gold pieces.
You spent 1917 gold pieces at shops.

Inventory:

Hand Weapons
 b - a +0 blowgun
 i - the +14 plutonium sword (weapon) {*Contam Stlth-}
   (You bought it in a shop on level 2 of the Orcish Mines)

   It causes magical contamination when unequipped.
   It makes you less stealthy.
Missiles
 t - 10 curare-tipped needles
 z - 139 poisoned needles
 B - 6 needles of paralysis
 D - 4 javelins (quivered)
 J - 6 throwing nets
Armour
 e - a +1 pair of boots (worn)
 r - a +0 buckler
 v - a +2 hat of magic resistance (worn)
 X - a +1 cloak of cold resistance (worn)
 Y - a +2 pair of gloves of archery (worn)
 Z - a +1 robe of resistance (worn)
Jewellery
 n - an uncursed ring of protection from cold
 o - a ring of wizardry (right hand)
 p - an uncursed ring of protection from fire
 q - a +3 ring of evasion (left hand)
 H - an amulet of magic regeneration (around neck)
Wands
 g - a wand of teleportation (9/9)
 j - a wand of lightning (9/15)
 s - a wand of digging (11/24)
 U - a wand of disintegration (11/24)
Scrolls
 d - 3 scrolls of magic mapping
 k - 2 scrolls of fear
 m - 9 scrolls of teleportation
 x - 2 scrolls of fog
 I - 3 scrolls of blinking
 R - 9 scrolls of remove curse
 T - a scroll of identify
Potions
 f - 3 potions of brilliance
 h - a potion of cancellation
 l - a potion of haste
 u - 4 potions of curing
 w - a potion of berserk rage
 C - a potion of invisibility
 G - 4 potions of magic
 M - 2 potions of resistance
 N - a potion of heal wounds
Comestibles
 c - 15 bread rations


   Skills:
 - Level 11.6 Fighting
 - Level 4.0 Long Blades
   Level 4.0 Polearms
 - Level 7.0 Armour
 - Level 6.0 Dodging
 - Level 2.1 Stealth
 - Level 4.0 Shields
 + Level 10.3 Spellcasting
 + Level 15.1 Conjurations
 + Level 14.2 Fire Magic
 + Level 5.1 Ice Magic
 - Level 9.3 Earth Magic


You had 4 spell levels left.
You knew the following spells:

 Your Spells              Type           Power        Failure   Level  Hunger
a - Freezing Cloud        Conj/Ice/Air   #####.....   12%         6    ######.
b - Conjure Flame         Conj/Fire      ######..     1%          3    None
d - Orb of Destruction    Conj           ######....   1%          7    #######
e - Fireball              Conj/Fire      ######....   1%          5    ####...
f - Lee's Rapid Deconstr  Erth           ######....   1%          5    ####...
g - Bolt of Magma         Conj/Fire/Erth ######....   1%          5    ####...


Dungeon Overview and Level Annotations

Branches:
Dungeon (14/15)            Temple (1/1) D:7            Lair (6/6) D:9
  Swamp (0/4) Lair:4       Spider (1/4) Lair:3        Slime (0/5) Lair:5
    Orc (2/2) D:11            Elf (0/3) Orc:2        Vaults (0/5) D:14

Altars:
Ashenzari
Cheibriados
Dithmenos
Fedhas
Gozag
Hepliaklqana
Kikubaaqudgha
Makhleb
Nemelex Xobeh
Okawaru
Qazlal
Ru
Uskayaw
Vehumet
Xom
Yredelemnul
Beogh

Shops:
Orc:2 **}[(:((

Annotations:
D:14 Azrael, Rupert


Innate Abilities, Weirdness & Mutations

You are resistant to torment.
Your stone body is resilient. (AC +11)
You are immune to poison.
Your large and strong wings let you fly indefinitely.
You resist negative energy. (rN+)
You are resistant to electric shocks. (rElec)
You can survive without breathing.
You are immune to petrification.
You are immune to rotting.


Message History

Aiming: Bolt of Magma
Press: ? - help, Shift-Dir - straight line, f - jumping spider
Aim: a jumping spider (heavily wounded, clinging)
The bolt of magma hits the jumping spider.
You kill the jumping spider!
Vehumet accepts your kill. The wolf spider closely misses you.
The wolf spider bites you!
* * * LOW HITPOINT WARNING * * *
Unknown command.
Casting: Bolt of Magma
Confirm with . or Enter, or press ? or * to list all spells.
Aiming: Bolt of Magma
Press: ? - help, Shift-Dir - straight line, f - wolf spider
Aim: a wolf spider (heavily wounded)
The bolt of magma hits the wolf spider.
The wolf spider is almost dead.
The wolf spider hits you!
* * * LOW HITPOINT WARNING * * *
The wolf spider bites you.
You die...

## #..##### ##
#..#.†@# ..#
#..#.s†# ....
##......# .....
#...^...#......
####.<†........
##..........
#####....#.
....# ...#


You could see a wolf spider.

Vanquished Creatures
  Gastronok (Lair:1)
  An iron dragon (D:12)
  An orc warlord (Orc:2)
  A stone giant (Orc:1)
  6 dire elephants (Lair:6)
  The ghost of asthiss the Carver, a journeyman MiFi of Trog (D:13)
  An ettin (D:12)
  Fannar (Lair:3)
  An ogre mage (Orc:1)
  An ice dragon (D:11)
  Harold (Lair:3)
  8 hydras
  3 centaur warriors
  An anaconda (Lair:6)
  A catoblepas (Lair:5)
  A tengu warrior (D:12)
  4 orc high priests
  A dancing weapon (Orc:2)
  2 deep troll earth magi (D:12)
  A deep elf knight (D:12)
  A fire crab (D:13)
  3 unseen horrors
  5 hill giants
  2 orc knights (Orc:2)
  6 orc sorcerers
  5 wolf spiders
  4 oklob plants (Lair:5)
  2 ugly things (D:13)
  4 manticores
  2 cyclopes
  10 elephants
  3 centaur zombies
  3 black mambas
  2 ice statues (IceCv)
  11 spiny frogs
  Joseph (Lair:1)
  A gargoyle (D:10)
  2 centaur skeletons
  A kobold demonologist (D:14)
  A demonic crawler (Spider:1)
  A freezing wraith (D:14)
  A yaktaur (D:13)
  An efreet (D:13)
  8 ice devils (IceCv)
  4 komodo dragons
  2 jumping spiders (Spider:1)
  A meliai (D:13)
  12 polar bears
  A merfolk (D:9)
  Grinder (D:6)
  7 trolls
  A hornet (Lair:2)
  7 two-headed ogres
  14 blink frogs
  2 slime creatures
  14 hippogriffs
  A shadow (D:12)
  2 wraiths
  The ghost of newuser the Cutter, an amateur TeEn of Okawaru (D:4)
  4 redbacks (Lair:3)
  2 vampires
  2 tarantellas
  2 wyverns
  3 fire elementals
  Eustachio (D:6)
  34 yaks
  5 basilisks
  2 vampire mosquitoes (D:12)
  7 humans
  A hog (D:7)
  5 hungry ghosts
  2 wargs
  6 swamp worms (Lair:4)
  12 water moccasins
  6 porcupines
  Duvessa (D:4)
  A hell hound (D:13)
  30 orc warriors
  6 black bears
  14 ice beasts
  2 sky beasts
  A black bear (shapeshifter) (D:14)
  2 necrophages
  2 eyes of draining
  6 phantoms
  20 wolves
  22 ogres
  14 centaurs
  15 crocodiles
  3 big kobolds
  A wyvern zombie (D:12)
  13 bullfrogs
  Dowan (D:4)
  A wyvern skeleton (D:13)
  3 scorpions
  8 wights
  3 howler monkeys
  3 electric eels
  4 crimson imps
  A bullfrog zombie (D:12)
  5 jellies
  15 orc priests
  8 hounds
  A bullfrog skeleton (D:7)
  An iron imp (D:4)
  5 iguanas
  28 orc wizards
  12 worker ants
  7 hell rats
  2 hound zombies
  A hound skeleton (D:9)
  A mummy (D:4)
  2 worker ant zombies
  17 gnolls
  23 adders
  A howler monkey skeleton (D:7)
  3 shadow imps
  9 white imps (IceCv)
  8 ufetubi (IceCv)
  An ooze (D:6)
  2 adder skeletons
  2 adder zombies
  6 worms
  2 dart slugs (D:2)
  6 leopard geckos
  104 orcs
  3 giant cockroaches
  9 goblins
  8 hobgoblins
  17 jackals
  22 kobolds
  7 quokkas
  3 ball pythons
  10 bats
  6 frilled lizards
  A giant cockroach zombie (D:6)
  A hobgoblin zombie (D:4)
  A kobold zombie (D:4)
  3 leopard gecko zombies
  2 orc zombies (D:4)
  A quokka skeleton (D:4)
  8 rats
  3 plants
836 creatures vanquished.

Vanquished Creatures (others)
  A reaper (IceCv)
  An electric eel (D:13)
  A bullfrog zombie (D:13)
  4 ufetubi (IceCv)
  An orc (D:12)
  2 bushes (Lair:6)
  43 fungi
  20 plants
73 creatures vanquished.

Grand Total: 909 creatures vanquished

Notes
Turn   | Place    | Note
-------+----------+-------------------------------------------
     0 | D:1      | mmcf the Gargoyle Fire Elementalist began the quest for the Orb.
     0 | D:1      | Reached XP level 1. HP: 10/10 MP: 3/3
   323 | D:1      | Reached XP level 2. HP: 15/15 MP: 5/5
  1325 | D:2      | Reached skill level 2 in Conjurations
  1455 | D:2      | Reached XP level 3. HP: 19/19 MP: 4/6
  2391 | D:2      | Reached XP level 4. HP: 22/24 MP: 4/7
  2553 | D:2      | Learned a level 3 spell: Conjure Flame
  2558 | D:2      | Learned a level 4 spell: Sticky Flame
  2824 | D:3      | Reached skill level 1 in Fighting
  3267 | D:3      | Reached XP level 5. HP: 30/30 MP: 2/8
  3361 | D:3      | Reached skill level 3 in Conjurations
  4703 | D:3      | Reached XP level 6. HP: 34/36 MP: 6/9
  5690 | D:5      | Entered Level 5 of the Dungeon
  5690 | D:5      | Found a snail-covered altar of Cheibriados.
  5703 | D:4      | Reached skill level 4 in Conjurations
  5747 | D:4      | Noticed newuser's ghost (amateur TeEn)
  6784 | D:4      | Noticed Dowan
  6787 | D:4      | Noticed Duvessa
  6800 | D:4      | Killed Duvessa
  6800 | D:4      | Reached skill level 5 in Fire Magic
  6800 | D:4      | Reached XP level 7. HP: 38/41 MP: 3/11
  6852 | D:4      | Killed Dowan
  7599 | D:4      | Reached skill level 1 in Armour
  8343 | D:6      | You fall through a shaft!
  8372 | D:7      | Reached skill level 5 in Conjurations
  8550 | D:7      | Found a sparkling altar of Nemelex Xobeh.
  8553 | D:7      | Found a shadowy altar of Dithmenos.
  8556 | D:7      | Found an opulent altar of Gozag.
  8559 | D:7      | Found a sacrificial altar of Ru.
  8687 | D:7      | Reached XP level 8. HP: 46/46 MP: 0/12
  8993 | D:7      | Found a huge runed gate.
  8994 | D:7      | Found a huge runed gate.
  8994 | D:7      | Noticed a hippogriff
  8994 | D:7      | Noticed a yak
  8994 | D:7      | Noticed a polar bear
  8994 | D:7      | Noticed a polar bear
  8996 | D:7      | Noticed a polar bear
  8996 | D:7      | Noticed a manticore
  9038 | D:7      | Noticed a hippogriff
  9049 | D:7      | Killed a hippogriff
  9202 | D:7      | Found a huge runed gate.
  9202 | D:7      | Found a huge runed gate.
  9202 | D:7      | Noticed a yak
  9202 | D:7      | Noticed a yak
  9203 | D:7      | Noticed a yak
  9203 | D:7      | Noticed a polar bear
  9203 | D:7      | Noticed a yak
  9204 | D:7      | Noticed a polar bear
  9204 | D:7      | Noticed a polar bear
  9743 | D:6      | Reached skill level 6 in Conjurations
 10083 | D:6      | Noticed Eustachio
 10216 | D:7      | Reached XP level 9. HP: 40/51 MP: 2/13
 10554 | D:7      | Found an iron altar of Okawaru.
 10560 | D:7      | Reached skill level 7 in Conjurations
 10871 | D:7      | Found a staircase to the Ecumenical Temple.
 10881 | Temple   | Entered the Ecumenical Temple
 10930 | Temple   | Became a worshipper of Vehumet
 11997 | D:8      | Reached * piety under Vehumet
 11997 | D:8      | Offered knowledge of Shock by Vehumet.
 12031 | D:8      | Learned a level 1 spell: Shock
 12056 | D:8      | Noticed a two-headed ogre
 12070 | D:8      | Killed a two-headed ogre
 12145 | D:8      | Learned a level 5 spell: Fireball
 12212 | D:8      | Identified a scroll of acquirement
 12215 | D:8      | Got an ichor-stained cloak
 12226 | D:8      | Identified the +2 cloak of the Skies Above {MR- Dex+3 SInv} (You acquired it on level 8 of the Dungeon)
 12436 | D:8      | Reached skill level 5 in Fighting
 12520 | D:8      | Reached skill level 8 in Conjurations
 12678 | D:8      | Reached XP level 10. HP: 53/59 MP: 7/17
 12820 | D:8      | Reached skill level 1 in Shields
 13097 | D:6      | Killed Eustachio
 13097 | D:6      | Reached skill level 5 in Spellcasting
 13441 | D:6      | Noticed Grinder
 13449 | D:6      | Paralysed by Grinder for 4 turns
 13452 | D:6      | Killed Grinder
 13642 | D:6      | Offered knowledge of Sting by Vehumet.
 13717 | D:6      | Reached ** piety under Vehumet
 14149 | D:5      | Found a runed door.
 14325 | D:5      | Found a shattered altar of Ashenzari.
 14750 | D:4      | Killed newuser's ghost
 14750 | D:4      | Reached skill level 9 in Conjurations
 14815 | D:4      | Offered knowledge of Ignite Poison by Vehumet.
 15449 | D:9      | Reached *** piety under Vehumet
 15685 | D:9      | Found a blossoming altar of Fedhas.
 15748 | D:9      | Found a staircase to the Lair.
 15793 | D:8      | Reached skill level 5 in Dodging
 15793 | D:8      | Reached skill level 10 in Conjurations
 15793 | D:8      | Reached skill level 10 in Fire Magic
 15793 | D:8      | Reached XP level 11. HP: 68/68 MP: 19/19
 15794 | D:8      | Reached skill level 11 in Conjurations
 15794 | D:8      | Reached XP level 12. HP: 76/76 MP: 19/22
 16035 | D:10     | Entered Level 10 of the Dungeon
 16922 | D:10     | Offered knowledge of Olgreb's Toxic Radiance by Vehumet.
 16922 | D:10     | Reached XP level 13. HP: 67/80 MP: 17/23
 17477 | D:11     | Noticed an ice dragon
 17485 | D:12     | Found a frozen archway.
 17587 | IceCv    | Entered an ice cave
 17714 | IceCv    | Reached **** piety under Vehumet
 17769 | IceCv    | Killed a reaper
 17824 | IceCv    | Offered knowledge of Lee's Rapid Deconstruction by Vehumet.
 17831 | IceCv    | Learned a level 5 spell: Lee's Rapid Deconstruction
 18295 | IceCv    | Reached skill level 1 in Earth Magic
 20052 | D:10     | Reached skill level 10 in Fighting
 21163 | Lair:1   | Entered Level 1 of the Lair of Beasts
 21166 | Lair:1   | Noticed Gastronok
 21445 | Lair:1   | Killed Gastronok
 21445 | Lair:1   | Reached skill level 5 in Armour
 21445 | Lair:1   | Reached skill level 5 in Earth Magic
 21780 | Lair:1   | Noticed Joseph
 21815 | Lair:1   | Killed Joseph
 23098 | Lair:1   | Reached ***** piety under Vehumet
 23104 | Lair:1   | Offered knowledge of Orb of Destruction by Vehumet.
 23267 | Lair:1   | Learned a level 7 spell: Orb of Destruction
 25066 | Lair:3   | Found a hole to the Spider Nest.
 25126 | Lair:3   | Reached skill level 1 in Polearms
 25285 | Lair:3   | Reached skill level 12 in Conjurations
 25285 | Lair:3   | Gained mutation: Your large and strong wings let you fly indefinitely. [Gargoyle growth]
 25285 | Lair:3   | Reached XP level 14. HP: 65/88 MP: 18/24
 25554 | Lair:3   | Noticed Fannar
 25576 | Lair:3   | Killed Fannar
 25586 | Lair:3   | Got a scorched fustibalus
 25587 | Lair:3   | Identified the +0 fustibalus "Zuakh" {flame, rN++} (You found it on level 3 of the Lair of Beasts)
 25824 | Lair:3   | Noticed Harold
 25833 | Lair:3   | Killed Harold
 26861 | Lair:4   | Found a staircase to the Swamp.
 27757 | Lair:4   | Offered knowledge of Bolt of Magma by Vehumet.
 28610 | Lair:5   | Found a staircase to the Slime Pits.
 29866 | Lair:5   | Learned a level 5 spell: Bolt of Magma
 29868 | Lair:6   | Entered Level 6 of the Lair of Beasts
 32573 | Lair:6   | Reached skill level 13 in Conjurations
 32843 | Lair:6   | Got a fine wooden ring
 33644 | Lair:6   | Reached XP level 15. HP: 92/92 MP: 11/28
 34547 | Lair:6   | Offered knowledge of Freezing Cloud by Vehumet.
 34907 | Lair:6   | Learned a level 6 spell: Freezing Cloud
 35060 | Lair:6   | Identified Qohopniuc's Handbook of the Glacier and Damage Dealing
 35550 | Lair:1   | Identified the ring of Kemmip {+Fly rC+ MR+ Int-3} (You found it on level 6 of the Lair of Beasts)
 36451 | D:7      | Reached skill level 1 in Ice Magic
 37096 | D:11     | Found a staircase to the Orcish Mines.
 37656 | D:5      | Found a roughly hewn altar of Beogh.
 37976 | Orc:1    | Entered Level 1 of the Orcish Mines
 38269 | Orc:2    | Entered Level 2 of the Orcish Mines
 38410 | Orc:2    | Offered knowledge of Bolt of Cold by Vehumet.
 38622 | Orc:1    | Reached skill level 14 in Conjurations
 38685 | Orc:2    | Reached skill level 10 in Spellcasting
 39440 | Orc:2    | Noticed an orc warlord
 40056 | Orc:2    | Killed an orc warlord
 40160 | Orc:2    | Found Wifott's Gadget Emporium.
 40161 | Orc:2    | Found Ysouco's Antique Armour Boutique.
 40289 | Orc:2    | Found Qeefath's Antique Weapon Shoppe.
 40316 | Orc:2    | Bought a pair of embroidered boots for 157 gold pieces
 40384 | Orc:2    | Found Kiessah's Book Shoppe.
 40506 | Orc:2    | Found Tittiad's Antique Weapon Emporium.
 40581 | Orc:2    | Found Legetzai's Weapon Emporium.
 40992 | Orc:2    | Found a staircase to the Elven Halls.
 41014 | Orc:2    | Found Vaj Jomm's General Store.
 41018 | Orc:2    | Found Jeckemop's General Store.
 41223 | Orc:2    | Bought the +14 plutonium sword {*Contam Stlth-} for 1760 gold pieces
 41509 | D:12     | Reached XP level 16. HP: 86/100 MP: 28/30
 41523 | D:12     | Offered knowledge of Iron Shot by Vehumet.
 41523 | D:12     | Reached skill level 1 in Long Blades
 43314 | D:13     | Noticed asthiss's ghost (journeyman MiFi)
 44223 | D:14     | Found a gate to the Vaults.
 44223 | D:14     | Noticed Rupert
 44745 | D:14     | Offered knowledge of Conjure Ball Lightning by Vehumet.
 44845 | D:13     | Killed asthiss's ghost
 45348 | D:14     | Reached skill level 15 in Conjurations
 45566 | D:14     | Noticed Azrael
 46229 | Spider:1 | Entered Level 1 of the Spider Nest
 46236 | Spider:1 | Reached skill level 5 in Ice Magic
 46370 | Spider:1 | HP: 1/100 [wolf spider (12)]
 46370 | Spider:1 | Slain by a wolf spider

Skill      XL: |  1  2  3  4  5  6  7  8  9 10 11 12 13 14 15 16 |
---------------+-------------------------------------------------+-----
Conjurations   | 2 3 4 5 6 8 10 11 12 13 14 15 | 15.1
Dodging        | 2 3 4 5 6 |  6.0
Fighting       | 1 2 3 5 7 9 10 11 | 11.6
Fire Magic     | 4 5 7 8 10 11 12 13 14 | 14.2
Spellcasting   | 3 4 5 6 7 9 10 | 10.3
Armour         | 2 3 6 7 |  7.0
Shields        | 4 |  4.0
Earth Magic    | 6 8 9 |  9.3
Polearms       | 1 4 |  4.0
Ice Magic      | 3 5 |  5.1
Long Blades    | 4 |  4.0
Stealth        | |  2.1

Action                   |  1- 3 |  4- 6 |  7- 9 | 10-12 | 13-15 | 16-18 || total
-------------------------+-------+-------+-------+-------+-------+-------++-------
Melee: Dagger            |    21 |       |       |   202 |    34 |       ||   257
       Club              |   104 |   454 |   369 |       |       |       ||   927
       Demon trident     |       |       |       |       |  1219 |       ||  1219
       Triple sword      |       |       |       |       |    10 |   195 ||   205
Throw: Javelin           |     4 |    24 |     6 |     6 |     1 |       ||    41
       Tomahawk          |       |     3 |    12 |       |       |       ||    15
 Cast: Flame Tongue      |    39 |    78 |   230 |   141 |   209 |       ||   697
       Sticky Flame      |       |     5 |    12 |    19 |    83 |       ||   119
       Conjure Flame     |       |     4 |    10 |     3 |    20 |       ||    37
       Shock             |       |       |     7 |     3 |       |       ||    10
       Fireball          |       |       |       |     1 |    46 |     8 ||    55
       Orb of Destructio |       |       |       |       |    23 |     8 ||    31
       Bolt of Magma     |       |       |       |       |    78 |    84 ||   162
       Lee's Rapid Decon |       |       |       |       |     9 |     2 ||    11
       Freezing Cloud    |       |       |       |       |       |     1 ||     1
 Abil: Fly               |       |       |       |       |     1 |       ||     1
Evoke: Wand              |       |       |       |       |     5 |       ||     5
  Use: Scroll            |     2 |     6 |     9 |     4 |    14 |     6 ||    41
       Potion            |       |     1 |     1 |     2 |     3 |     1 ||     8
 Stab: Sleeping          |     4 |       |       |     2 |     2 |       ||     8
       Distracted        |       |     1 |       |       |     3 |       ||     4
       Invisible         |       |       |     1 |       |       |       ||     1
  Eat: Chunk             |     5 |    12 |    15 |    16 |    57 |    21 ||   126
       Meat ration       |       |     1 |     1 |     1 |     9 |     1 ||    13
       Royal jelly       |       |     1 |       |       |     3 |     1 ||     5
       Fruit             |       |       |     2 |     2 |    17 |       ||    21
       Beef jerky        |       |       |       |     1 |     1 |       ||     2
       Pizza             |       |       |       |       |     2 |       ||     2
       Bread ration      |       |       |       |       |       |     2 ||     2
Armor: Robe              |    64 |   243 |   237 |    94 |   674 |   256 ||  1568
       Leather armour    |       |    15 |    15 |       |       |       ||    30
Dodge: Dodged            |   102 |   365 |   400 |   182 |  1075 |   371 ||  2495
Block: Buckler           |       |       |       |    32 |   299 |       ||   331
       Rpst.: Triple sword |       |       |       |       |     3 |    78 ||    81
